 Dungeon Crawl Stone Soup version 0.17.0-15-g6d90897 (webtiles) character file.

210 JudasIscariot the Covert (level 5, -5/49 HPs)
             Began as a Naga Assassin on Nov 10, 2015.
             Slain by Iffee's ghost (15 damage)
             ... on level 4 of the Dungeon.
             The game lasted 00:09:55 (2933 turns).

JudasIscariot the Covert (Naga Assassin)            Turns: 2933, Time: 00:09:55

Health: -5/49      AC:  4    Str: 14    XL:     5   Next: 87%
Magic:  5/5        EV:  9    Int: 11    God:
Gold:   252        SH:  0    Dex: 13    Spells: 0 memorised, 4 levels left

rFire  . . .     SeeInvis +     m - +1 short sword (freeze)
rCold  . . .     Clarity  .     q - +0 leather armour
rNeg   . . .     SustAt   .     (no shield)
rPois  +         Gourm    .     (no helmet)
rElec  .         Spirit   .     d - +0 cloak
rCorr  .         Warding  .     (no gloves)
rMut   .         Stasis   .     (no barding)
MR     +....                    (no amulet)
Stlth  ++++......               (no ring)
                                i - ring of protection from magic

@: hasted, quick, somewhat resistant to hostile enchantments, stealthy
A: see invisible, deformed body, poison resistance, slowness 2, slow metabolism
1, spit poison 2, AC +1
a: Spit Poison


You were on level 4 of the Dungeon.
You were very hungry.

You visited 1 branch of the dungeon, and saw 4 of its levels.

You collected 252 gold pieces.

Inventory:

Hand Weapons
 a - a +2 dagger
 b - a +0 blowgun
 m - a +1 short sword of freezing (weapon)
Missiles
 e - 19 poisoned needles
 f - 2 curare-tipped needles
Armour
 d - a +0 cloak (worn)
 q - a +0 leather armour (worn)
Jewellery
 i - a ring of protection from magic (left hand)
Scrolls
 h - 2 scrolls of magic mapping
 l - 3 scrolls of remove curse
 n - a scroll of enchant weapon {unknown}
 r - a scroll of blinking {unknown}
 s - a scroll of amnesia {unknown}
 t - a scroll of recharging {unknown}
 u - a scroll of immolation {unknown}
 v - a scroll of noise {unknown}
 x - 2 scrolls of identify
Potions
 k - 2 potions of flight
 o - a potion of cancellation {unknown}
 w - a potion of lignification {unknown}
Comestibles
 g - 2 bread rations


   Skills:
 * Level 3.0 Fighting
 * Level 2.8 Short Blades
 + Level 1.8 Throwing
 + Level 1.1 Armour
 * Level 1.7 Dodging
 * Level 8.2 Stealth


You had 4 spell levels left.
You didn't know any spells.

Dungeon Overview and Level Annotations

Branches:
Dungeon (4/15)
 Temple: D:4-7

Altars:
Elyvilon
Nemelex Xobeh
Okawaru

Annotations:
D:4 Iffee's ghost, amateur HuFi


Innate Abilities, Weirdness & Mutations

You cannot wear boots.
Your serpentine skin is tough (AC +1).
You have supernaturally acute eyesight.
Armour fits poorly on your strangely shaped body.
Your system is resistant to poisons.
You cover ground very slowly.
You have a slow metabolism.
You can spit poison.


Message History

You feel much better. Iffee's ghost hits you.
Iffee's ghost ripples.
Iffee's ghost hits you but does no damage.
Iffee's ghost hits you.
You hit Iffee's ghost. You freeze Iffee's ghost.
Iffee's ghost is lightly damaged.
Iffee's ghost hits you!
* * * LOW HITPOINT WARNING * * *
Drink which item? (? for menu, Esc to quit)
You feel better. Iffee's ghost hits you!
* * * LOW HITPOINT WARNING * * *
Drink which item? (? for menu, Esc to quit)
You feel better. Iffee's ghost hits you!
* * * LOW HITPOINT WARNING * * *
Drink which item? (? for menu, Esc to quit)
You feel better. Iffee's ghost hits you.
* * * LOW HITPOINT WARNING * * *
Drink which item? (? for menu, Esc to quit)
It was a potion of haste.
You feel yourself speed up. Iffee's ghost hits you!
You die...

#....####..#..####
#...............
#>.......†......
#####.......####
#†####......
.#.### ......
####.#...# .....
######....###W#
.....
#.......#####@#
.<..
#.......#.....#
###.
#.......#.....#
#.).....#.....#
#.......#.....#
#.......#.....#
#.............#
#.......#....##
#.......#....# .#


You could see Iffee's ghost.

Vanquished Creatures
  A sky beast (D:4)
  6 adders
  2 worms (D:3)
  2 giant geckos
  An orc (D:3)
  4 giant cockroaches
  12 goblins
  9 hobgoblins
  2 quokkas (D:4)
  A ball python (D:2)
  6 bats
  4 kobolds
  3 rats
53 creatures vanquished.

Notes
Turn   | Place    | Note
--------------------------------------------------------------
     0 | D:1      | JudasIscariot the Naga Assassin began the quest for the Orb.
     0 | D:1      | Reached XP level 1. HP: 19/19 MP: 1/1
   357 | D:1      | Reached skill level 6 in Stealth
   620 | D:1      | Found an iron altar of Okawaru.
   716 | D:1      | Reached XP level 2. HP: 24/26 MP: 2/2
   965 | D:1      | Reached skill level 1 in Dodging
  1068 | D:2      | Reached XP level 3. HP: 32/32 MP: 3/3
  1186 | D:2      | Reached skill level 7 in Stealth
  1279 | D:2      | Reached XP level 4. HP: 40/40 MP: 4/4
  1794 | D:3      | Found a sparkling altar of Nemelex Xobeh.
  2167 | D:3      | Found a white marble altar of Elyvilon.
  2900 | D:4      | Noticed a sky beast
  2902 | D:4      | Noticed Iffee's ghost (amateur HuFi)
  2908 | D:4      | Killed a sky beast
  2908 | D:4      | Reached skill level 1 in Armour
  2908 | D:4      | Reached skill level 8 in Stealth
  2908 | D:4      | Reached XP level 5. HP: 25/49 MP: 5/5
  2923 | D:4      | HP: 1/49 [Iffee's ghost (15)]
  2930 | D:4      | HP: 2/49 [Iffee's ghost (12)]
  2933 | D:4      | Slain by Iffee's ghost

Action                   |  1- 3 |  4- 6 || total
-------------------------+-------+-------++-------
Melee: Dagger            |    13 |       ||    13
       Short sword       |    29 |    73 ||   102
  Use: Scroll            |       |     5 ||     5
       Potion            |       |     6 ||     6
 Stab: Sleeping          |    11 |     8 ||    19
  Eat: Chunk             |     1 |     3 ||     4
